 Dungeon Sprint DCSS version 0.27-a0-1084-g78b3836a5f (webtiles) character file.

Game seed: 10037629625500330530

9797 mhtbhm the Scorcher (level 11, -3/54 HPs)
             Began as a Deep Elf Fire Elementalist on Apr 26, 2021.
             Was the Champion of Vehumet.
             Killed from afar by a balrug (18 damage)
             ... with a bolt of fire
             ... in the Dungeon (Sprint V: "Ziggurat Sprint").
             The game lasted 00:06:03 (711 turns).

mhtbhm the Scorcher (Deep Elf Fire Elementalist)     Turns: 711, Time: 00:06:04

Health: -3/54      AC:  7    Str:  5    XL:     11   Next: 27%
Magic:  24/32      EV: 18    Int: 36    God:    Vehumet [******]
Gold:   0          SH:  0    Dex: 15    Spells: 11/41 levels left

rFire    + . .     SeeInvis .   C - +8 lance "Wyrmbane" {slay drac, rPois rF+ rC+ AC+3}
rCold    + . .     Faith    .   (no shield)
rNeg     . . .     Spirit   .   a - +2 robe {Archmagi}
rPois    +         Reflect  .   (no helmet)
rElec    .         Harm     .   (no cloak)
rCorr    .         Rampage  .   (no gloves)
Will     +....     NoTele   +   (no boots)
Stlth    ++++......             (no amulet)
HPRegen  0.18/turn              u - +6 ring of intelligence
MPRegen  0.23/turn              v - +6 ring of intelligence

@: studying Armour
A: no striking features
a: Renounce Religion


You were in the Dungeon.
You worshipped Vehumet.
Vehumet was exalted by your worship.
You visited 1 branch

Inventory:

Hand Weapons
 q - the +8 whip "Snakebite" {curare, rPois}
   (You found it in the Dungeon)

   It poisons the flesh of those it strikes.
   It protects you from poison.
 C - the +8 lance "Wyrmbane" (weapon) {slay drac, rPois rF+ rC+ AC+3}
   (You found it in the Dungeon)

   It affects your AC (+3).
   It protects you from fire.
   It protects you from cold.
   It protects you from poison.
Armour
 a - a +2 robe of the Archmagi (worn)
Jewellery
 u - a +6 ring of intelligence (left hand)
 v - a +6 ring of intelligence (right hand)
Wands
 y - a wand of mindburst (6)
 A - a wand of acid (2)
Scrolls
 h - 3 scrolls of blinking
 m - 4 scrolls of amnesia
 n - 7 scrolls of fog
 o - a scroll of holy word
 p - 5 scrolls of identify
 r - a scroll of brand weapon
Potions
 b - 2 potions of brilliance
 c - 10 potions of curing
 d - 9 potions of heal wounds
 e - 6 potions of haste
 f - 7 potions of magic
 g - 3 potions of berserk rage
 i - 2 potions of invisibility
 j - 4 potions of resistance
 k - a potion of experience
 l - 5 potions of might
Miscellaneous
 s - a condenser vane (inert)
 t - a piece from Xom's chessboard (15/15)
 w - a tin of tremorstones (2/2)
 z - a box of beasts
 B - a lightning rod (2/4)


   Skills:
 + Level 11.6 Dodging
 - Level 9.1 Stealth
 + Level 15.9 Spellcasting
 + Level 8.5 Conjurations
 + Level 18.7 Fire Magic
 + Level 11.3 Evocations


You had 11 spell levels left.
You knew the following spells:

 Your Spells              Type           Power      Damage    Failure   Level
a - Foxfire               Conj/Fire      100%       2x1d9     0%          1
b - Conjure Flame         Conj/Fire      100%       6-21      0%          3
c - Inner Flame           Hex/Fire       97%        N/A       1%          3
d - Sticky Flame          Conj/Fire      100%       2d11      1%          4
e - Fireball              Conj/Fire      56%        3d22      1%          5
f - Bolt of Magma         Conj/Fire/Erth 48%        4d20      1%          5
g - Fire Storm            Conj/Fire      56%        8d14      71%         9

Your spell library contained the following spells:

 Spells                   Type           Power      Damage    Failure   Level
 Fulminant Prism          Conj/Hex       36%        3d18      1%          4
 Freeze                   Ice            100%       1d11      1%          1
 Magic Dart               Conj           100%       1d8       1%          1
 Shock                    Conj/Air       100%       1d9       1%          1
 Sting                    Tmut/Pois      100%       1d8       1%          1
 Summon Small Mammal      Summ           100%       N/A       1%          1
 Blink                    Tloc           N/A        N/A       1%          2
 Call Imp                 Summ           43%        N/A       1%          2
 Poisonous Vapours        Pois/Air       86%        N/A       1%          2
 Slow                     Hex            43%        N/A       1%          2
 Static Discharge         Conj/Air       73%        N/A       1%          2
 Frozen Ramparts          Ice            86%        1d10      1%          3
 Mephitic Cloud           Conj/Pois/Air  65%        N/A       1%          3
 Hailstorm                Conj/Ice       73%        3d15      1%          4
 Lightning Bolt           Conj/Air       36%        1d54      1%          5
 Call Canine Familiar     Summ           43%        N/A       3%          3
 Gell's Gravitas          Tloc           21%        N/A       3%          3
 Lesser Beckoning         Tloc           21%        N/A       3%          3
 Ozocubu's Armour         Ice            43%        N/A       3%          3
 Summon Guardian Golem    Hex/Summ       43%        N/A       3%          3
 Swiftness                Air            43%        N/A       3%          3
 Teleport Other           Tloc           43%        N/A       3%          3
 Airstrike                Air            21%        N/A       3%          4
 Orb of Destruction       Conj           47%        9d15      9%          7
 Summon Ice Beast         Ice/Summ       43%        N/A       13%         4
 Summon Lightning Spire   Summ/Air       43%        N/A       13%         4
 Manifold Assault         Tloc           43%        N/A       34%         5
 Metabolic Englaciation   Hex/Ice        21%        N/A       34%         5
 Summon Forest            Summ/Tloc      21%        N/A       34%         5
 Shadow Creatures         Summ           N/A        N/A       89%         6
 Chain Lightning          Conj/Air       36%        N/A       96%         8
 Lehudib's Crystal Spear  Conj/Erth      36%        10d9      96%         8
 Absolute Zero            Ice            21%        ∞         100%        9
 Dragon's Call            Summ           21%        N/A       100%        9


Dungeon Overview and Level Annotations

Branches:
Dungeon (1/1)

Altars:
Ashenzari
Cheibriados
Dithmenos
Elyvilon
Fedhas
Gozag
Hepliaklqana
Kikubaaqudgha
Makhleb
Nemelex Xobeh
Okawaru
Qazlal
Ru
Sif Muna
Trog
Uskayaw
Vehumet
Wu Jian
Xom
Yredelemnul
Zin
The Shining One
Beogh
Jiyva
Lugonu


Message History

Evoke which item? (* to show all) (? for menu, Esc to quit)
Aiming: Thunderbolt
Press: ? - help, Shift-Dir - straight line, f/p - hell knight
Aim: a hell knight, wielding a +2 halberd of flaming and wearing a +0 plate armour (moderately wounded, fast)
The thunderbolt hits the balrug!!
The balrug is severely wounded.
The thunderbolt hits the hell knight!!
The hell knight is severely wounded.
The thunderbolt hits the hell knight!
The hell knight is heavily wounded.
Unknown command.
Unknown command.
Okay, then.
Casting: Fireball (safe; 1% risk of failure)
Confirm with . or Enter, or press ? or * to list all spells.
Okay, then.
Unknown command.
Casting: Fireball (safe; 1% risk of failure)
Confirm with . or Enter, or press ? or * to list all spells.
Okay, then.
Aiming: Corrosive Bolt
Press: ? - help, Shift-Dir - straight line, f - balrug, p - hell knight
Aim: a balrug, wielding a +2 demon whip of venom (severely wounded, 70% to hit)
The bolt of acid hits the balrug!
The balrug is splashed with acid.
The balrug is almost dead.
The hell knight hits you from afar with a +2 halberd of flaming!
* * * LOW HITPOINT WARNING * * *
The hell knight burns you.
* * * LOW HITPOINT WARNING * * *
The hell knight mumbles some strange words.
The hell knight blinks!
The hell knight misses you.
Unknown command.
Unknown command.
Unknown command.
Blink to where?
Press: ? - help, Dir - move target, p - balrug
As you read the scroll of blinking, it crumbles to dust.
The balrug gestures at you. The bolt of fire hits you!! You resist.
You die...

▓..|.})...▓
▓..§§§§§..▓...[.=|..▓
▓..§§§§§..▓......)..▓
▓..§§.§§p.▓...).....▓
▓.........▓.........▓
▓.........▓.........▓
▓...2.p...▓.▓..†..▓.▓
▓.▓.....▓.▓....©....▓
▓....§...@▓▓▓▓▓▓▓▓▓▓▓
▓▓▓▓▓▓▓▓▓▓▓


You could see a balrug and 2 hell knights.

Vanquished Creatures
  A deep elf demonologist (D)
  A dancing weapon (D)
  A deep elf knight (D)
  A deep elf archer (D)
  4 deep elf zephyrmancers (D)
  3 deep elf pyromancers (D)
  2 draconians (D)
  2 black mambas (D)
  2 naga magi (D)
  A jumping spider (D)
  2 slime creatures (D)
  A golden eye (D)
  A basilisk (D)
  A hell hound (D)
  2 water moccasins (D)
  3 floating eyes (D)
  A necrophage (D)
  A wolf (D)
  2 phantoms (D)
  2 bullfrogs (D)
  2 scorpions (D)
  A quasit (D)
  2 jellies (D)
  An iron imp (D)
  2 adders (D)
  A river rat (D)
  An adder skeleton (D)
  A ball python (D)
  3 bat skeletons (D)
  4 endoplasms (D)
  A jackal (D)
  2 ball python skeletons (D)
  2 ball python zombies (D)
  A giant cockroach zombie (D)
  A jackal skeleton (D)
  A jackal zombie (D)
  A quokka zombie (D)
61 creatures vanquished.

Notes
Turn   | Place    | Note
-------+----------+-------------------------------------------
     0 | D        | mhtbhm the Deep Elf Fire Elementalist began the quest for
                  | the Orb.
     0 | D        | Reached XP level 1. HP: 10/10 MP: 6/6
     0 | D        | Found a shimmering blue altar of Sif Muna.
     0 | D        | Found a bloodstained altar of Trog.
     0 | D        | Found a sacrificial altar of Ru.
     0 | D        | Found a stormy altar of Qazlal.
     0 | D        | Found an iron altar of Okawaru.
     1 | D        | Found a sparkling altar of Nemelex Xobeh.
     1 | D        | Found a blossoming altar of Fedhas.
     2 | D        | Found the +6 Majin-Bo {vamp, MP+6 Int+6}
     2 | D        | Found the +9 heavy crossbow "Sniper" {vorpal, Acc+∞ SInv}
     2 | D        | Found the +10 dark maul {vorpal}
     2 | D        | Found the +15 Maxwell's patent armour {-Cast -Tele rElec
                  | Will+ rCorr}
     2 | D        | Found the +18 shield of the Gong {rElec rN+ Will+ EV-5}
     2 | D        | Found the +14 obsidian axe {vorpal, Drain Fly SInv}
     2 | D        | Found the +7 great mace "Firestarter" {inner flame, rF++}
     2 | D        | Found the +6 shillelagh "Devastator" {shatter}
     2 | D        | Found the +11 plutonium sword {Contam Stlth-}
     2 | D        | Found the +8 lance "Wyrmbane" {slay drac, rPois rF+ rC+
                  | AC+3}
     2 | D        | Found the +9 sword of Zonguldrok {reap}
     2 | D        | Found the +13 scythe of Curses {drain, Drain}
     2 | D        | Found the +5 sword of Power {vorpal}
     2 | D        | Found the +7 mace of Variability {chain chaos}
     2 | D        | Found the +7 Singing Sword {vorpal, sonic wave}
     2 | D        | Found the +8 storm bow {elec, penet}
     3 | D        | Found a transporter.
     3 | D        | Found an ancient bone altar of Kikubaaqudgha.
     3 | D        | Found a viscous altar of Jiyva.
     3 | D        | Found a corrupted altar of Lugonu.
     3 | D        | Found a hazy altar of Hepliaklqana.
     3 | D        | Found a burning altar of Makhleb.
     3 | D        | Found an opulent altar of Gozag.
    25 | D        | Became a worshipper of Vehumet
    53 | D        | Entered arena 2.
    53 | D        | Noticed a draconian
    53 | D        | Noticed a draconian
    53 | D        | Found a transporter.
    71 | D        | Killed a draconian
    72 | D        | Reached skill level 5 in Stealth
    72 | D        | Reached skill level 11 in Fire Magic
    72 | D        | Reached XP level 2. HP: 15/15 MP: 7/13
    72 | D        | Reached XP level 3. HP: 19/19 MP: 7/14
    72 | D        | Reached XP level 4. HP: 24/24 MP: 8/16
    72 | D        | Reached XP level 5. HP: 28/28 MP: 8/17
    72 | D        | Reached XP level 6. HP: 32/32 MP: 8/19
    72 | D        | Killed a draconian
    73 | D        | Reached skill level 12 in Fire Magic
    73 | D        | Reached XP level 7. HP: 36/36 MP: 8/22
    78 | D        | Learned a level 3 spell: Conjure Flame
    82 | D        | Learned a level 3 spell: Inner Flame
    87 | D        | Learned a level 4 spell: Sticky Flame
    93 | D        | Learned a level 5 spell: Fireball
   152 | D        | Entered arena 3.
   152 | D        | Noticed a jumping spider
   152 | D        | Found a transporter.
   153 | D        | Found the +8 whip "Snakebite" {curare, rPois}
   153 | D        | Reached * piety under Vehumet
   153 | D        | Offered knowledge of Magic Dart by Vehumet.
   154 | D        | Reached skill level 10 in Spellcasting
   154 | D        | Reached skill level 13 in Fire Magic
   154 | D        | Reached skill level 5 in Evocations
   154 | D        | Killed a jumping spider
   155 | D        | Reached XP level 8. HP: 41/41 MP: 13/24
   217 | D        | Entered arena 4.
   217 | D        | Noticed a deep elf demonologist
   217 | D        | Noticed a deep elf zephyrmancer
   217 | D        | Noticed a deep elf zephyrmancer
   217 | D        | Noticed a deep elf pyromancer
   217 | D        | Found a transporter.
   218 | D        | Identified the +1 war axe of Oruatuab {flame, Will+ Dex+4
                  | Stlth+}
   219 | D        | Killed a deep elf pyromancer
   219 | D        | Reached ** piety under Vehumet
   219 | D        | Killed a deep elf zephyrmancer
   220 | D        | Reached skill level 15 in Fire Magic
   221 | D        | Killed a deep elf zephyrmancer
   222 | D        | Reached XP level 9. HP: 38/45 MP: 13/27
   224 | D        | Killed a deep elf demonologist
   224 | D        | Reached *** piety under Vehumet
   225 | D        | Reached skill level 10 in Dodging
   225 | D        | Reached skill level 16 in Fire Magic
   238 | D        | Got the Grimoire of Creative Blows and Bruises
   267 | D        | Entered arena 5.
   267 | D        | Found a transporter.
   268 | D        | Offered knowledge of Shock by Vehumet.
   270 | D        | Reached **** piety under Vehumet
   327 | D        | Entered arena 6.
   327 | D        | Found a transporter.
   333 | D        | Reached ***** piety under Vehumet
   352 | D        | Learned a level 5 spell: Bolt of Magma
   373 | D        | Entered arena 7.
   374 | D        | Found the +9 scales of the Dragon King {rPois rF+ rC+
                  | Will+}
   375 | D        | Found a transporter.
   393 | D        | Entered arena 8.
   394 | D        | Reached ****** piety under Vehumet
   395 | D        | Reached skill level 17 in Fire Magic
   395 | D        | Reached XP level 10. HP: 50/50 MP: 25/29
   396 | D        | Found a transporter.
   417 | D        | Entered arena 9.
   417 | D        | Noticed a deep elf zephyrmancer
   417 | D        | Noticed a +0 long sword of protection
   417 | D        | Noticed a deep elf pyromancer
   417 | D        | Noticed a deep elf pyromancer
   417 | D        | Noticed a deep elf archer
   417 | D        | Noticed a deep elf zephyrmancer
   417 | D        | Noticed a deep elf knight
   418 | D        | Found the +2 robe of Vines {NoPotionHeal Regen+++}
   418 | D        | Found the +3 salamander hide armour {Flames rF++ rC--}
   420 | D        | Killed a deep elf zephyrmancer
   420 | D        | Offered knowledge of Dazzling Flash by Vehumet.
   420 | D        | Killed a deep elf pyromancer
   421 | D        | Reached skill level 5 in Conjurations
   421 | D        | Killed a deep elf knight
   423 | D        | Killed a deep elf zephyrmancer
   425 | D        | Killed a +0 long sword of protection
   425 | D        | Killed a deep elf pyromancer
   425 | D        | Killed a deep elf archer
   426 | D        | Reached skill level 15 in Spellcasting
   426 | D        | Reached skill level 18 in Fire Magic
   426 | D        | Reached skill level 10 in Evocations
   561 | D        | Found a transporter.
   618 | D        | Entered arena 10.
   619 | D        | Offered knowledge of Fulminant Prism by Vehumet.
   620 | D        | Reached XP level 11. HP: 54/54 MP: 28/32
   622 | D        | Found a transporter.
   630 | D        | Got the amulet "Goen" {Faith *Corrode Will+ Str+9}
   638 | D        | Entered arena 11.
   645 | D        | Found a transporter.
   675 | D        | Got the Almanac of Toxic Summoning
   688 | D        | Learned a level 9 spell: Fire Storm
   703 | D        | Entered arena 12.
   704 | D        | Noticed a hell knight
   704 | D        | Noticed a hell knight
   705 | D        | Noticed a balrug
   711 | D        | Killed from afar by a balrug

Illustrated notes

Levels and vault maps discovered:
D:        sprint_v [room_start, room_1, room_2, room_3, room_4, room_5, room_6,
          room_7, room_8, room_9, room_10, room_11, room_12, room_13, room_14,
          room_15, room_16, room_17, room_18, room_19, room_20, room_21,
          room_22, room_23, room_24, room_25, room_26, room_27]

Skill      XL: |  1  2  3  4  5  6  7  8  9 10 11 |
---------------+----------------------------------+-----
Dodging        | 6 7 8 9 10 11 | 11.6
Stealth        | 5 6 7 8 9 |  9.1
Spellcasting   | 8 9 10 12 13 15 | 15.9
Fire Magic     | 11 12 13 15 17 18 | 18.7
Evocations     | 3 4 5 6 8 10 11 | 11.3
Conjurations   | 2 3 4 7 8 |  8.5

Action                   |  1- 3 |  4- 6 |  7- 9 | 10-12 || total
-------------------------+-------+-------+-------+-------++-------
 Cast: Fireball          |       |       |    11 |    13 ||    24
       Sticky Flame      |       |       |     1 |       ||     1
Evoke: Wand              |     9 |       |     2 |     2 ||    13
       Lightning rod     |       |     1 |     6 |     5 ||    12
       Condenser vane    |       |       |       |     3 ||     3
       Tin of tremorston |       |       |       |     1 ||     1
  Use: Scroll            |     2 |       |       |     1 ||     3
       Potion            |       |       |       |     1 ||     1
Armor: Robe              |       |       |     1 |       ||     1
Dodge: Dodged            |       |       |     4 |     5 ||     9

Table legend: (Time is in decaauts)
 A = Elapsed time spent in this place.
 B = Non-inter-level travel time spent in this place.
 C = Inter-level travel time spent in this place.
 D = Time resting spent in this place.
 E = Time spent auto-exploring this place.
 F = Levels seen in this place.
 G = Mean time per level.
                   A        B        C        D        E       F      G
               +--------+--------+--------+--------+--------+-----+--------+
         Total |    709 |    709 |      0 |    317 |      0 |   1 |  709.0 |
       Dungeon |    709 |    709 |      0 |    317 |      0 |   1 |  709.0 |
               +--------+--------+--------+--------+--------+-----+--------+

Top non-repeatable levels by time:
       D: 709 daAuts
